 Dungeon Sprint DCSS version 0.21-a0-286-g6fcecc0 (webtiles) character file.

21 potatolord6000 the Conjurer (level 2, 0/22 HPs)
             Began as a Deep Elf Conjurer on Sept 27, 2017.
             Was a Follower of Sif Muna.
             Slain by a gnoll sergeant
             ... wielding a +0 spear
              (8 damage)
             ... in the Dungeon (Sprint VII: "The Pits").
             The game lasted 00:01:51 (182 turns).

potatolord6000 the Conjurer (Deep Elf Conjurer)      Turns: 182, Time: 00:01:52

Health: 0/22       AC:  2    Str: 10    XL:     2   Next: 62%
Magic:  1/9        EV: 14    Int: 19    God:    Sif Muna [*.....]
Gold:   0          SH:  0    Dex: 15    Spells: 6/9 levels left

rFire    . . .     SeeInvis .   p - staff of energy
rCold    . . .     Gourm    .   (no shield)
rNeg     . . .     Faith    .   a - +0 robe
rPois    .         Spirit   .   (no helmet)
rElec    .         Reflect  .   (no cloak)
rCorr    .         Harm     .   (no gloves)
MR       .....     NoTele   +   (no boots)
Stlth    ..........             (no amulet)
HPRegen  0.07/turn              (no ring)
MPRegen  0.11/turn              (no ring)

@: berserking, very quick
A: no striking features
a: Divine Energy, Renounce Religion


You were in the Dungeon.
You worshipped Sif Muna.
Sif Muna was aware of your devotion.
You were not hungry.

You visited 1 branch

Inventory:

Armour
 a - a +0 robe (worn)
Magical Staves
 p - an uncursed staff of energy (weapon)
Scrolls
 i - a scroll of blinking
 k - 3 scrolls of remove curse
 l - 5 scrolls of amnesia
 m - a scroll of summoning
Potions
 f - a potion of haste
 g - 4 potions of magic
 h - 2 potions of berserk rage
 j - 2 potions of invisibility
Books
 b - a book of Conjurations

   Spells                             Type                      Level
   a - Magic Dart                     Conjuration                  1
   b - Searing Ray                    Conjuration                  2
   c - Dazzling Spray                 Conjuration/Hexes            3
   d - Fulminant Prism                Conjuration/Hexes            4
   e - Force Lance                    Conjuration/Translocation    4
   f - Iskenderun's Mystic Blast      Conjuration                  4
Comestibles
 c - 8 bread rations
 n - 40 fruits
 o - 7 meat rations


   Skills:
 + Level 2.0 Staves
 + Level 3.8 Dodging
 - Level 2.4 Stealth
 + Level 4.4 Spellcasting
 + Level 5.1 Conjurations
 + Level 2.1 Evocations


You had 6 spell levels left.
You knew the following spells:

 Your Spells              Type           Power        Failure   Level  Hunger
a - Magic Dart            Conj           ###.         1%          1    None
b - Searing Ray           Conj           ###...       2%          2    None


Dungeon Overview and Level Annotations

Branches:
Dungeon (1/1)

Altars:
Ashenzari
Cheibriados
Dithmenos
Elyvilon
Fedhas
Gozag
Hepliaklqana
Kikubaaqudgha
Makhleb
Nemelex Xobeh
Okawaru
Qazlal
Ru
Sif Muna
Trog
Uskayaw
Vehumet
Wu Jian
Xom
Yredelemnul
Zin
The Shining One
Beogh
Jiyva
Lugonu


Message History

Without enough magic to sustain it, your searing ray dissipates.
The gnoll sergeant misses you.
A gnoll comes into view. It is wielding a flail.
You feel better.
The gnoll sergeant hits you from afar with a spear.
A red film seems to cover your vision as you go berserk!
You feel yourself moving faster!
You feel mighty! The gnoll sergeant barely misses you.
You feel a strong urge to attack something.
There is an open door here.
Things that are here:
a bat corpse; a gnoll corpse; a frilled lizard corpse Unknown command.
You hit the gnoll sergeant!
The gnoll sergeant is moderately wounded.
Unknown command.
You barely miss the ball python. The ball python bites you.
The ball python closely misses you.
The gnoll sergeant hits you with a spear!
You die...

_________.#
_______...###########++
##########'##...........
#.?(.')))'.##......#..#.
##########.##...........
#...........'...........
#+#####'#####......#..#.
#..#..#..##...........
#..').@g.#####'#####++
##+####S###.......#
.Jg##.......#
S...##.......#
#+#####...<...#
#.......# #.......#
#.......# #########


You could see a gnoll sergeant, a gnoll, an ooze and a ball python.

Vanquished Creatures
  A gnoll (D)
  An ufetubus (D)
  A quokka (D)
  A ball python (D)
  A bat (D)
  A frilled lizard (D)
  2 kobolds (D)
8 creatures vanquished.

Vanquished Creatures (others)
  A pearl dragon (D)
  A faun (shapeshifter) (D)
  A yaktaur (D)
3 creatures vanquished.

Grand Total: 11 creatures vanquished

Notes
Turn   | Place    | Note
-------+----------+-------------------------------------------
     0 | D        | potatolord6000 the Deep Elf Conjurer began the quest for the Orb.
     0 | D        | Reached XP level 1. HP: 10/10 MP: 6/6
     7 | D        | Killed a yaktaur
    18 | D        | Killed a faun
    43 | D        | Found a bloodstained altar of Trog.
    43 | D        | Found a deep blue altar of Sif Muna.
    43 | D        | Found a viscous altar of Jiyva.
    43 | D        | Found a hazy altar of Hepliaklqana.
    43 | D        | Found an opulent altar of Gozag.
    44 | D        | Found a glowing golden altar of the Shining One.
    44 | D        | Found a glowing silver altar of Zin.
    44 | D        | Found a basalt altar of Yredelemnul.
    44 | D        | Found a shimmering altar of Xom.
    44 | D        | Found an ornate altar of the Wu Jian Council.
    44 | D        | Found a sacrificial altar of Ru.
    44 | D        | Found a stormy altar of Qazlal.
    44 | D        | Found an iron altar of Okawaru.
    44 | D        | Found a sparkling altar of Nemelex Xobeh.
    44 | D        | Found a burning altar of Makhleb.
    44 | D        | Found a blossoming altar of Fedhas.
    44 | D        | Found a white marble altar of Elyvilon.
    44 | D        | Found a shadowy altar of Dithmenos.
    44 | D        | Found a snail-covered altar of Cheibriados.
    46 | D        | Found a radiant altar of Vehumet.
    46 | D        | Found a corrupted altar of Lugonu.
    46 | D        | Found a roughly hewn altar of Beogh.
    47 | D        | Found a hide-covered altar of Uskayaw.
    47 | D        | Found an ancient bone altar of Kikubaaqudgha.
    47 | D        | Found a shattered altar of Ashenzari.
    49 | D        | Became a worshipper of Sif Muna the Loreminder
    78 | D        | Reached skill level 1 in Staves
    78 | D        | Reached skill level 1 in Evocations
    78 | D        | Reached XP level 2. HP: 11/15 MP: 2/8
    82 | D        | Learned a level 2 spell: Searing Ray
   111 | D        | Killed a pearl dragon
   166 | D        | Noticed a gnoll sergeant
   171 | D        | Reached * piety under Sif Muna
   171 | D        | Reached skill level 5 in Conjurations
   182 | D        | Slain by a gnoll sergeant

Vault maps used:
D:        pitsprint

Skill      XL: |  1  2 |
---------------+-------+-----
Staves         | 1 2 |  2.0
Dodging        | 3 |  3.8
Evocations     | 1 2 |  2.1
Spellcasting   | 4 |  4.4
Conjurations   | 5 |  5.1
Stealth        | |  2.4

Action                   || total
-------------------------++-------
Melee: Staff             ||     4
 Cast: Magic Dart        ||     6
       Searing Ray       ||     3
  Use: Potion            ||     3
Armor: Robe              ||     2
Dodge: Dodged            ||    18

Table legend:
 A = Spawn XP
 B = Non-spawn XP
 C = Spawn XP percentage of total XP
 D = Spawn monster count
 E = Non-spawn monster count
 F = Spawn count percentage of total count
 G = Total turns spent on level
                    A         B        C        D         E        F      G
               +---------+---------+-------+---------+---------+-------+---------
         Total |       0 |      30 |   0.0 |       0 |       8 |   0.0 |   182
               +---------+---------+-------+---------+---------+-------+---------
             D |       0 |      30 |   0.0 |       0 |       8 |   0.0 |   182
               +---------+---------+-------+---------+---------+-------+---------
